 Dungeon Crawl Stone Soup version 0.17-a0-1368-g6ab37f2 (webtiles) character file.

112 Zwobot the Conjurer (level 4, -4/30 HPs)
             Began as a Mummy Conjurer on June 12, 2015.
             Slain by bal's ghost (7 damage)
             ... on level 3 of the Dungeon.
             The game lasted 00:10:23 (2848 turns).

Zwobot the Conjurer (Mummy Conjurer)                Turns: 2848, Time: 00:10:24

Health: -4/30      AC:  2    Str: 14    XL:     4   Next: 63%
Magic:  1/8        EV: 12    Int: 15    God:
Gold:   129        SH:  0    Dex: 12    Spells: 3 memorised, 3 levels left

rFire  . . .     SeeInvis .     b - +0 hunting sling
rCold  + . .     Clarity  .     j - +0 robe {rF+}
rNeg   + + +     SustAt   .     (no shield)
rPois  ∞         Gourm    .     (no helmet)
rElec  .         Spirit   .     (no cloak)
rCorr  .         Warding  .     (no gloves)
rMut   .         Stasis   .     (no boots)
MR     .....                    (no amulet)
Stlth  ++........               (no ring)
                                l - +3 ring of strength

@: not resistant to hostile enchantments, unstealthy
A: no food or potions, fire vulnerability, cold resistance 1, negative energy
resistance 3, torment resistance, unbreathing
a: no special abilities


You were on level 3 of the Dungeon.
You were not hungry.

You visited 1 branch of the dungeon, and saw 3 of its levels.

You collected 129 gold pieces.

Inventory:

Hand weapons
 a - a +0 spear
 b - a +0 hunting sling (weapon)
 f - a +0 dagger
Missiles
 d - 127 stones (quivered)
 o - 6 poisoned needles
Armour
 h - a +0 robe
 j - a +0 robe of fire resistance (worn)
Jewellery
 l - a +3 ring of strength (left hand)
Scrolls
 c - 3 scrolls of random uselessness {unknown}
 e - 3 scrolls of remove curse
 g - a scroll of immolation {unknown}
 i - 2 scrolls of fog {unknown}
 k - a scroll of identify {unknown}
 n - a scroll of teleportation {unknown}
Books
 m - a book of Conjurations

   Spells                             Type                      Level
   a - Magic Dart                     Conjuration                  1
   b - Searing Ray                    Conjuration                  2
   c - Dazzling Spray                 Conjuration/Hexes            3
   d - Fulminant Prism                Conjuration/Hexes            4
   e - Iskenderun's Mystic Blast      Conjuration                  4
   f - Iskenderun's Battlesphere      Conjuration/Charms           5


   Skills:
 - Level 1.5 Dodging
 - Level 1.5 Stealth
 + Level 3.1 Spellcasting
 * Level 4.4 Conjurations


You had 3 spell levels left.
You knew the following spells:

 Your Spells              Type           Power        Failure   Level  Hunger
a - Magic Dart            Conj           ###.         3%          1    N/A
b - Searing Ray           Conj           ###...       6%          2    N/A
c - Dazzling Spray        Conj/Hex       #.......     24%         3    N/A

Dungeon Overview and Level Annotations

Branches:
Dungeon (3/15)

Altars:

Annotations:
D:3 bal's ghost, weakling CeHu


Innate Abilities, Weirdness & Mutations

You do not eat or drink.
Your flesh is vulnerable to fire.
You are immune to poison.
Your flesh is cold resistant.
You are immune to negative energy.
You are immune to unholy pain and torment.
You can survive without breathing.


Message History

You now have 1/8 mp.
The searing ray hits bal's ghost.
Bal's ghost hits you.
You take 5 damage, and have 22/30 hp.
You now have 0/8 mp.
Without enough magic to sustain it, your searing ray dissipates.
Bal's ghost hits you!
You take 7 damage, and have 15/30 hp.
MASSIVE DAMAGE!!
Bal's ghost closely misses you.
Aim: bal's ghost (almost destroyed)
You shoot a stone. The stone barely misses bal's ghost.
Bal's ghost closely misses you.
Aim: bal's ghost (almost destroyed)
You shoot a stone.
The stone hits bal's ghost but does no damage.
Bal's ghost hits you.
You take 3 damage, and have 12/30 hp.
Bal's ghost hits you!
* * * LOW HITPOINT WARNING * * *
You take 10 damage, and have 2/30 hp.
MASSIVE DAMAGE!!
Bal's ghost hits you!
You die...

...#.########.#.#
...#.#<..........
##................
###.####...#.#...
.......##.!.+...#.###.##
#########...#....... ..
#..........# ..# [#
#.........####.##.####
##..........@W.#.....#
#...................##
#............#.........
#............#.........
#..............#.#.....
#..............(.......
#...............(#.....
#............##..######
#............##..#


You could see bal's ghost.

Vanquished Creatures
  5 adders (D:2)
  An ooze (D:3)
  4 worms (D:2)
  3 giant geckos (D:2)
  5 bats
  4 giant cockroaches
  5 hobgoblins
  8 kobolds
  A ball python (D:1)
  3 giant newts
  4 goblins (D:2)
  A quokka (D:1)
  7 rats
51 creatures vanquished.

Notes
Turn   | Place    | Note
--------------------------------------------------------------
     0 | D:1      | Zwobot the Mummy Conjurer began the quest for the Orb.
     0 | D:1      | Reached XP level 1. HP: 13/13 MP: 3/3
   351 | D:1      | Reached XP level 2. HP: 17/19 MP: 0/5
   804 | D:1      | Learned a level 2 spell: Searing Ray
  1120 | D:2      | Reached XP level 3. HP: 13/24 MP: 0/6
  1347 | D:2      | Learned a level 3 spell: Dazzling Spray
  1426 | D:2      | Reached skill level 4 in Conjurations
  1546 | D:2      | Found a faded altar to an unknown god.
  1850 | D:2      | Reached XP level 4. HP: 30/30 MP: 4/8
  2833 | D:3      | Noticed bal's ghost (weakling CeHu)
  2848 | D:3      | Slain by bal's ghost

Vault maps used:
D:1:      nagdon_arrival_double_spiral, minmay_misc_feat_chi,
          supply_closet_lemuel
D:2:      ecumenical_altar_1

Action                   |  1- 3 |  4- 6 || total
-------------------------+-------+-------++-------
Melee: Spear             |     6 |       ||     6
 Fire: Hunting sling     |       |    36 ||    36
Throw: Stone             |     5 |       ||     5
 Cast: Magic Dart        |    53 |    14 ||    67
       Searing Ray       |     8 |     8 ||    16
  Use: Scroll            |     1 |       ||     1
